3L
KINGSTON TOWNSHIP LEGION 9 @ CHICAGO HAWKS
09/13/2020
 
TOP OF THE 1ST
Kingston Township Legion 9 batting - Pitching for Chicago Hawks : LHP Dan Mitchell
Pitching: LHP Dan Mitchell
Batting: RHB António Varela 0-0: Ball
1-0: Called Strike
1-1: Ground out 1-3 (Groundball, 13S)
Batting: RHB Vicente Toro 0-0: Ball
1-0: Ground out 6-3 (Groundball, 6M)
Batting: LHB Clay Rush 0-0: Called Strike
0-1: Ball
1-1: Ball
2-1: Foul Ball, location: 2F
2-2: Ball
3-2: Foul Ball, location: 2F
3-2: Base on Balls
Batting: RHB Akihiko Oike 0-0: Foul Ball, location: 2F
0-1: Foul Ball, location: 2F
0-2: Ball
1-2: Fielders Choice at 2nd, 6-4 (Groundball, 6)
Top of the 1st over - 0 run(s), 0 hit(s), 0 error(s), 0 left on base; Kingston Township 0 - Chicago 0
BOTTOM OF THE 1ST
Chicago Hawks batting - Pitching for Kingston Township Legion 9 : RHP António Cruz
Pitching: RHP António Cruz
Batting: LHB Motoshige Kitamura 0-0: Foul Ball, location: 2F
0-1: Ground out 1-3 (Groundball, 23)
Batting: RHB Ed Whitaker 0-0: Called Strike
0-1: Called Strike
0-2: Ball
1-2: Ground out 5-3 (Groundball, 56S)
Batting: LHB Mal Wadley 0-0: Ball
1-0: Ground out 3-1 (Groundball, 34)
Bottom of the 1st over - 0 run(s), 0 hit(s), 0 error(s), 0 left on base; Kingston Township 0 - Chicago 0
TOP OF THE 2ND
Kingston Township Legion 9 batting - Pitching for Chicago Hawks : LHP Dan Mitchell
Batting: LHB Gonzalo López 0-0: Called Strike
0-1: Ball
1-1: Called Strike
1-2: Foul Ball, location: 2F
1-2: Ball
2-2: Ball
3-2: SINGLE (Line Drive, 6MD)
Batting: RHB Chet Nix 0-0: Ball
1-0: Grounds into double play, 6-4-3 (Groundball, 56)
Batting: RHB Raúl Valadez 0-0: Ball
1-0: Ground out 6-3 (Groundball, 6)
Top of the 2nd over - 0 run(s), 1 hit(s), 0 error(s), 0 left on base; Kingston Township 0 - Chicago 0
BOTTOM OF THE 2ND
Chicago Hawks batting - Pitching for Kingston Township Legion 9 : RHP António Cruz
Batting: RHB Joe Andrews 0-0: Ball
1-0: Ball
2-0: Ball
3-0: Base on Balls
Batting: RHB Joe Guy 0-0: Ball
1-0: Swinging Strike
1-1: DOUBLE (Flyball, 8RXD)
Joe Andrews to third
Batting: RHB José Ramos 0-0: Called Strike
0-1: Ball
1-1: Foul Ball, location: 2F
1-2: Foul Ball, location: 2F
1-2: Fly out, F9 (Flyball, 89D)
Runner from 3rd tags up, SCORES, no throw
Joe Guy to third
Batting: LHB Jeremiah Spencer 0-0: Ground out 4-3 (Groundball, 4)
Joe Guy scores
Batting: RHB Ji-chol Yang 0-0: Ball
1-0: Foul Ball, location: 2F
1-1: Ground out 5-3 (Groundball, 5L)
Bottom of the 2nd over - 2 run(s), 1 hit(s), 0 error(s), 0 left on base; Kingston Township 0 - Chicago 2
TOP OF THE 3RD
Kingston Township Legion 9 batting - Pitching for Chicago Hawks : LHP Dan Mitchell
Batting: RHB Ernie McPherson 0-0: Reached on error, E5 (Groundball, 5)
Batting: RHB António Cruz 0-0: Sac Bunt - play at first, batter OUT! 5-4
Ernie McPherson to third
Batting: RHB António Varela 0-0: Ball
1-0: Ball
2-0: Called Strike
2-1: Swinging Strike
2-2: Foul Ball, location: 2F
2-2: Ball
3-2: Foul Ball, location: 2F
3-2: Foul Ball, location: 2F
3-2: Foul Ball, location: 2F
3-2: Fly out, F8 (Flyball, 8RXD)
Runner from 3rd tags up, SCORES, no throw
Batting: RHB Vicente Toro 0-0: Ground out 6-3 (Groundball, 6M)
Top of the 3rd over - 1 run(s), 0 hit(s), 1 error(s), 0 left on base; Kingston Township 1 - Chicago 2
BOTTOM OF THE 3RD
Chicago Hawks batting - Pitching for Kingston Township Legion 9 : RHP António Cruz
Batting: LHB Dan Mitchell 0-0: Ball
1-0: Ball
2-0: Ball
3-0: Called Strike
3-1: Base on Balls
Batting: LHB Motoshige Kitamura 0-0: Called Strike
0-1: Ball
1-1: Ball
2-1: Swinging Strike
2-2: Fly out, F7 (Flyball, 7M)
Batting: RHB Ed Whitaker 0-0: Ball
1-0: Ball
2-0: Called Strike
2-1: Foul Ball, location: 2F
2-2: Ball
3-2: Base on Balls
Dan Mitchell to second
Batting: LHB Mal Wadley 0-0: Called Strike
0-1: Fly out, F6 (Line Drive, 6M)
Batting: RHB Joe Andrews 0-0: Ball
1-0: Called Strike
1-1: Fly out, F8 (Flyball, 78XD)
Bottom of the 3rd over - 0 run(s), 0 hit(s), 0 error(s), 2 left on base; Kingston Township 1 - Chicago 2
TOP OF THE 4TH
Kingston Township Legion 9 batting - Pitching for Chicago Hawks : LHP Dan Mitchell
Batting: LHB Clay Rush 0-0: Foul Ball, location: 2F
0-1: Ball
1-1: Foul Ball, location: 2F
1-2: Ground out U3 (Groundball, 3S)
Batting: RHB Akihiko Oike 0-0: Ball
1-0: Called Strike
1-1: Ball
2-1: Foul Ball, location: 2F
2-2: Foul Ball, location: 2F
2-2: Strikes out looking
Batting: LHB Gonzalo López 0-0: Ball
1-0: Swinging Strike
1-1: Ball
2-1: Ball
3-1: Called Strike
3-2: Foul Ball, location: 2F
3-2: Foul Ball, location: 2F
3-2: Ground out 3-1 (Groundball, 34)
Top of the 4th over - 0 run(s), 0 hit(s), 0 error(s), 0 left on base; Kingston Township 1 - Chicago 2
BOTTOM OF THE 4TH
Chicago Hawks batting - Pitching for Kingston Township Legion 9 : RHP António Cruz
Batting: RHB Joe Guy 0-0: Ball
1-0: Ball
2-0: Called Strike
2-1: Called Strike
2-2: Foul Ball, location: 2F
2-2: Ground out 6-3 (Groundball, 6M)
Batting: RHB José Ramos 0-0: Called Strike
0-1: Called Strike
0-2: Ground out 6-3 (Groundball, 6MS)
Batting: LHB Jeremiah Spencer 0-0: Ball
1-0: Called Strike
1-1: Swinging Strike
1-2: Ball
2-2: Foul Ball, location: 2F
2-2: Foul Ball, location: 2F
2-2: Ball
3-2: Base on Balls
Batting: RHB Ji-chol Yang 0-0: Ball
1-0: Ball
2-0: Fly out, F9 (Popup, 89S)
Bottom of the 4th over - 0 run(s), 0 hit(s), 0 error(s), 1 left on base; Kingston Township 1 - Chicago 2
TOP OF THE 5TH
Kingston Township Legion 9 batting - Pitching for Chicago Hawks : LHP Dan Mitchell
Batting: RHB Chet Nix 0-0: Fly out, F1 (Popup, 15S)
Batting: RHB Raúl Valadez 0-0: Ball
1-0: Called Strike
1-1: Swinging Strike
1-2: Strikes out looking
Batting: RHB Ernie McPherson 0-0: Called Strike
0-1: Foul Ball, location: 2F
0-2: Ball
1-2: SINGLE (Line Drive, 78S)
Batting: RHB António Cruz 0-0: Called Strike
0-1: Ball
1-1: Ball
2-1: Swinging Strike
2-2: Fly out, F4 (Popup, 4)
Top of the 5th over - 0 run(s), 1 hit(s), 0 error(s), 1 left on base; Kingston Township 1 - Chicago 2
BOTTOM OF THE 5TH
Chicago Hawks batting - Pitching for Kingston Township Legion 9 : RHP António Cruz
Batting: LHB Dan Mitchell 0-0: Ball
1-0: Ball
2-0: Ball
3-0: Called Strike
3-1: Fly out, F8 (Popup, 4MD)
Batting: LHB Motoshige Kitamura 0-0: Ball
1-0: Ball
2-0: Foul Ball, location: 2F
2-1: Called Strike
2-2: Ball
3-2: Ground out 4-3 (Groundball, 4MS)
Batting: RHB Ed Whitaker 0-0: Ball
1-0: Ball
2-0: Called Strike
2-1: Fly out, F6 (Popup, 6M)
Bottom of the 5th over - 0 run(s), 0 hit(s), 0 error(s), 0 left on base; Kingston Township 1 - Chicago 2
TOP OF THE 6TH
Kingston Township Legion 9 batting - Pitching for Chicago Hawks : LHP Dan Mitchell
Batting: RHB António Varela 0-0: Called Strike
0-1: Ball
1-1: Ball
2-1: Ground out 4-3 (Groundball, 4)
Batting: RHB Vicente Toro 0-0: Swinging Strike
0-1: Ball
1-1: Foul Ball, location: 2F
1-2: Ball
2-2: SINGLE (Groundball, 56)
Batting: LHB Clay Rush 0-0: Ball
1-0: Called Strike
1-1: Foul Ball, location: 2F
1-2: Foul Ball, location: 2F
1-2: Fly out, F8 (Flyball, 8LXD)
Batting: RHB Akihiko Oike 0-0: Called Strike
0-1: Called Strike
0-2: Ball
1-2: Foul Ball, location: 2F
1-2: Strikes out swinging
Top of the 6th over - 0 run(s), 1 hit(s), 0 error(s), 1 left on base; Kingston Township 1 - Chicago 2
BOTTOM OF THE 6TH
Chicago Hawks batting - Pitching for Kingston Township Legion 9 : RHP António Cruz
Batting: LHB Mal Wadley 0-0: Called Strike
0-1: Swinging Strike
0-2: Foul Ball, location: 2F
0-2: Ball
1-2: SOLO HOME RUN (Flyball, 8LXD), Distance : 435 ft
Batting: RHB Joe Andrews 0-0: Foul Ball, location: 2F
0-1: Ball
1-1: Foul Ball, location: 2F
1-2: Ball
2-2: SOLO HOME RUN (Flyball, 8LXD), Distance : 423 ft
Batting: RHB Joe Guy 0-0: Called Strike
0-1: Ball
1-1: Called Strike
1-2: Ground out 5-3 (Groundball, 5L)
Batting: RHB José Ramos 0-0: Swinging Strike
0-1: Ball
1-1: Fly out, F7 (Flyball, 7M)
Batting: LHB Jeremiah Spencer 0-0: Ball
1-0: Ground out U3 (Groundball, 3S)
Bottom of the 6th over - 2 run(s), 2 hit(s), 0 error(s), 0 left on base; Kingston Township 1 - Chicago 4
TOP OF THE 7TH
Kingston Township Legion 9 batting - Pitching for Chicago Hawks : LHP Dan Mitchell
Batting: LHB Gonzalo López 0-0: Ball
1-0: Ball
2-0: Called Strike
2-1: Ground out 6-3 (Groundball, 6M)
Batting: RHB Chet Nix 0-0: Swinging Strike
0-1: Fly out, F7 (Flyball, 78D)
Batting: RHB Raúl Valadez 0-0: Ball
1-0: Ball
2-0: Ground out 1-5-3 (Groundball, 15S)
Top of the 7th over - 0 run(s), 0 hit(s), 0 error(s), 0 left on base; Kingston Township 1 - Chicago 4
BOTTOM OF THE 7TH
Chicago Hawks batting - Pitching for Kingston Township Legion 9 : RHP António Cruz
Batting: RHB Ji-chol Yang 0-0: Ground out 5-3 (Groundball, 15S)
Pinch Hitting: LHB Bill Griffin 0-0: Foul Ball, location: 2F
0-1: Foul Ball, location: 2F
0-2: Foul Ball, location: 2F
0-2: Ball
1-2: Strikes out looking
Batting: LHB Motoshige Kitamura 0-0: Ball
1-0: Ball
2-0: Fly out, F8 (Popup, 4MD)
Bottom of the 7th over - 0 run(s), 0 hit(s), 0 error(s), 0 left on base; Kingston Township 1 - Chicago 4
TOP OF THE 8TH
Kingston Township Legion 9 batting - Pitching for Chicago Hawks : LHP Dan Mitchell
Pitching: RHP Robinson Gonzáles
Batting: RHB Ernie McPherson 0-0: Fly out, F8 (Flyball, 8RM)
Pinch Hitting: RHB Pedro Mendoza 0-0: Swinging Strike
0-1: Ball
1-1: Called Strike
1-2: Fly out, F6 (Line Drive, 6)
Batting: RHB António Varela 0-0: Ball
1-0: Ball
2-0: Foul Ball, location: 2F
2-1: Ball
3-1: Foul Ball, location: 2F
3-2: SINGLE (Groundball, 34)
Pitching: RHP Irving Hansen
Batting: RHB Vicente Toro 0-0: Fly out, F4 (Popup, 34D)
Top of the 8th over - 0 run(s), 1 hit(s), 0 error(s), 1 left on base; Kingston Township 1 - Chicago 4
BOTTOM OF THE 8TH
Chicago Hawks batting - Pitching for Kingston Township Legion 9 : RHP António Cruz
Pitching: RHP Jesús Prieto
Batting: RHB Ed Whitaker 0-0: Called Strike
0-1: Ball
1-1: Ground out 5-3 (Groundball, 5S)
Batting: LHB Mal Wadley 0-0: Foul Ball, location: 2F
0-1: Foul Ball, location: 2F
0-2: Ball
1-2: SOLO HOME RUN (Flyball, 9LD), Distance : 318 ft
Batting: RHB Joe Andrews 0-0: Foul Ball, location: 2F
0-1: Ball
1-1: Called Strike
1-2: Fly out, F6 (Popup, 5D)
Batting: RHB Joe Guy 0-0: Ball
1-0: Ball
2-0: Called Strike
2-1: Ground out 5-3 (Groundball, 5D)
Bottom of the 8th over - 1 run(s), 1 hit(s), 0 error(s), 0 left on base; Kingston Township 1 - Chicago 5
TOP OF THE 9TH
Kingston Township Legion 9 batting - Pitching for Chicago Hawks : RHP Irving Hansen
Pitching: RHP Jim Dixon
Batting: LHB Clay Rush 0-0: Foul Ball, location: 2F
0-1: Ball
1-1: Swinging Strike
1-2: Foul Ball, location: 2F
1-2: Strikes out looking
Batting: RHB Akihiko Oike 0-0: Swinging Strike
0-1: Called Strike
0-2: Foul Ball, location: 2F
0-2: Strikes out looking
Batting: LHB Gonzalo López 0-0: SINGLE (Groundball, 34D)
Batting: RHB Chet Nix 0-0: Ball
1-0: Called Strike
1-1: Ground out 4-3 (Groundball, 34)
Top of the 9th over - 0 run(s), 1 hit(s), 0 error(s), 1 left on base; Kingston Township 1 - Chicago 5
This league is powered by Out of the Park Baseball, the baseball management simulation game for PC, Mac and Linux
Friday, October 23rd, 2015 - OOTP Baseball 16.9 Build 39